 Dungeon Crawl Stone Soup version 0.29.1-1-gd02db6906a (webtiles) character file.

Game seed: 3969093293364260830

27166 Jakudza the Stormcaller (level 13, -2/72 HPs)
             Began as a Tengu Air Elementalist on Sept 18, 2022.
             Was an Elder of Vehumet.
             Killed by their own static electricity (6 damage)
             ... on level 5 of the Lair of Beasts on Sept 24, 2022.
             The game lasted 01:40:49 (20650 turns).

Jakudza the Stormcaller (Tengu Air Elementalist)   Turns: 20650, Time: 01:40:50

Health: -2/72      AC: 13    Str:  8    XL:     13   Next: 30%
Magic:  21/21      EV: 21    Int: 22    God:    Vehumet [****..]
Gold:   1056       SH:  0    Dex: 14    Spells: 5/22 levels left

rFire   . . .      SeeInvis .   h - staff of earth
rCold   . . .      Faith    +   (no shield)
rNeg    + . .      Spirit   .   a - +1 robe
rPois   .          Reflect  .   w - +1 hat
rElec   .          Harm     .   k - +1 cloak of Going Fast {Regen+ rCorr}
rCorr   +          Rampage  .   i - +2 pair of gloves
Will    .....                   (boots unavailable)
Stlth   ++........              x - amulet of faith
HPRegen 1.02/turn               B - +4 ring of protection
MPRegen 0.17/turn               e - ring of positive energy

@: flying quickly and evasively, quick
A: beak, talons 3, nimble flight
a: Renounce Religion


You were on level 5 of the Lair of Beasts.
You worshipped Vehumet.
Vehumet was greatly pleased with you.
You visited 3 branches of the dungeon, and saw 16 of its levels.

You collected 1056 gold pieces.

Inventory:

Hand Weapons
 q - a +2 dagger of speed
Armour
 a - a +1 robe (worn)
 i - a +2 pair of gloves (worn)
 k - the +1 cloak of Going Fast (worn) {Regen+ rCorr}
   (You acquired it on level 3 of the Dungeon)

   Regen:     It increases your rate of health regeneration.
   rCorr:     It protects you from acid and corrosion.
 w - a +1 hat (worn)
Magical Staves
 h - a staff of earth (weapon)
Jewellery
 e - a ring of positive energy (right hand)
 x - an amulet of faith (around neck)
 B - a +4 ring of protection (left hand)
Wands
 j - a wand of charming (45)
 l - a wand of quicksilver (13)
 n - a wand of iceblast (12)
 t - a wand of mindburst (18)
 u - a wand of polymorph (9)
 z - a wand of digging (6)
Scrolls
 g - 10 scrolls of teleportation
 o - 2 scrolls of enchant weapon
 r - 8 scrolls of identify
 s - a scroll of brand weapon
 v - 3 scrolls of enchant armour
 y - a scroll of fear
 A - 5 scrolls of fog
Potions
 b - 4 potions of magic
 c - 7 potions of curing
 f - 4 potions of brilliance
 m - 5 potions of heal wounds
Miscellaneous
 d - a box of beasts


   Skills:
 - Level 5.0 Fighting
 + Level 11.5 Dodging
 - Level 2.1 Stealth
 - Level 5.2 Spellcasting
 * Level 14.8 Conjurations
 + Level 2.2 Ice Magic
 * Level 18.6 Air Magic
 + Level 2.3 Evocations


You had 5 spell levels left.
You knew the following spells:

 Your Spells              Type           Power      Damage    Failure   Level
a - Shock                 Conj/Air       100%       1d9       0%          1
b - Static Discharge      Conj/Air       68%        3-12/arc  0%          2
c - Airstrike             Air            36%        2d(6-22)  1%          4
d - Passwall              Tmut/Erth      6%         N/A       16%         2
e - Stone Arrow           Conj/Erth      100%       3d13      1%          3
f - Lightning Bolt        Conj/Air       34%        1d51      1%          5

Your spell library contained the following spells:

 Spells                   Type           Power      Damage    Failure   Level
 Swiftness                Air            73%        N/A       0%          3
 Poisonous Vapours        Pois/Air       92%        N/A       1%          2
 Dazzling Flash           Conj/Hex       76%        N/A       1%          3
 Sandblast                Erth           16%        2d6       2%          1
 Silence                  Hex/Air        23%        N/A       6%          5
 Apportation              Tloc           10%        N/A       10%         1
 Beastly Appendage        Tmut           10%        N/A       10%         1
 Sting                    Tmut/Pois      20%        1d4       10%         1
 Summon Small Mammal      Summ           20%        N/A       10%         1
 Ensorcelled Hibernation  Hex/Ice        20%        N/A       10%         2
 Wereblood                Tmut           5%         N/A       16%         2
 Olgreb's Toxic Radiance  Pois           5%         N/A       24%         4
 Call Canine Familiar     Summ           5%         N/A       30%         3
 Spider Form              Tmut/Pois      5%         N/A       30%         3
 Summon Guardian Golem    Hex/Summ       5%         N/A       30%         3
 Anguish                  Hex/Necr       2%         N/A       69%         4
 Animate Armour           Summ/Erth      16%        N/A       69%         4
 Cause Fear               Hex            2%         N/A       69%         4
 Agony                    Necr           5%         N/A       95%         5
 Alistair's Intoxication  Tmut/Pois      3%         N/A       95%         5
 Blade Hands              Tmut           2%         N/A       95%         5
 Iron Shot                Conj/Erth      27%        9d6       17%         6
 Dragon Form              Tmut           2%         N/A       100%        7
 Enfeeble                 Hex            2%         N/A       100%        7
 Dragon's Call            Summ           2%         N/A       100%        9


Dungeon Overview and Level Annotations

Branches:
Dungeon (10/15)            Temple (1/1) D:6            Lair (5/5) D:8
  Swamp (0/4) Lair:3       Spider (0/4) Lair:3        Slime (0/5) Lair:4
    Orc: D:9-12

Altars:
Ashenzari
Cheibriados
Dithmenos
Elyvilon
Fedhas
Gozag
Hepliaklqana
Kikubaaqudgha
Makhleb
Nemelex Xobeh
Okawaru
Ru
Sif Muna
Trog
Uskayaw
Vehumet
Wu Jian
Xom
Yredelemnul
Zin
Jiyva

Annotations:
D:8 2 transporters, Jakudza's ghost, novice TeAE


Innate Abilities, Weirdness & Mutations

You have a beak for a mouth.
You have claws for feet.
Your magical nature lets you fly swiftly and evasively.


Message History

The water moccasin is struck by an arc of lightning!
The water moccasin is almost dead.
The cane toad is struck by an arc of lightning!
The cane toad is severely wounded.
The lightning grounds out.
The black mamba completely misses you. The cane toad stings you!
The yak gores you!
* * * LOW HITPOINT WARNING * * *
The water moccasin bites you.
* * * LOW HITPOINT WARNING * * *
The black mamba completely misses you. The cane toad completely misses you.
Casting: Static Discharge (safe; 0% risk of failure)
Confirm with . or Enter, or press ? or * to list all spells.
The water moccasin is struck by an arc of lightning.
You kill the water moccasin!
Vehumet accepts your kill.
You feel your power returning.
The cane toad is struck by an arc of lightning!
You kill the cane toad!
Vehumet accepts your kill.
You are struck by an arc of lightning.
* * * LOW HITPOINT WARNING * * *
The lightning grounds out.
The yak is struck by an arc of lightning.
The yak is heavily wounded.
You are struck by an arc of lightning.
* * * LOW HITPOINT WARNING * * *
The yak is struck by an arc of lightning!
The yak is severely wounded.
You are struck by an arc of lightning.
* * * LOW HITPOINT WARNING * * *
The lightning grounds out.
The black mamba is struck by an arc of lightning!
You kill the black mamba!
Vehumet accepts your kill.
You feel your power returning.
You are struck by an arc of lightning.
* * * LOW HITPOINT WARNING * * *
The yak is struck by an arc of lightning!
The yak is almost dead.
You are struck by an arc of lightning.
You die...

...# ##..##..
....###.....P
.
.....#......
..
...........
..P
..........#.P
.........#
#.....#
#.@..#
#.†.Y.....#
##........#
..........
#.........#
......##...
##..Y..# #.#
......# .#


You could see 2 yaks.

Vanquished Creatures
  Gastronok (D:8)
  3 hydras
  5 two-headed ogres
  A bog body (Lair:3)
  4 elephants (Lair:4)
  3 black mambas
  5 cane toads
  A torpor snail (Lair:1)
  2 unseen horrors
  2 rime drakes
  A komodo dragon (Lair:1)
  A troll (D:9)
  5 polar bears
  A meliai (Lair:3)
  2 dream sheep (Lair:1)
  10 blink frogs (Lair:2)
  A shadow (D:10)
  Sigmund (D:5)
  21 yaks
  4 wyverns
  2 basilisks
  A steam dragon (D:7)
  2 swamp worms (Lair:3)
  An acid dragon (D:9)
  12 water moccasins
  3 orc warriors
  An ice beast (D:6)
  2 sky beasts (D:7)
  7 black bears
  4 ogres
  5 centaurs
  12 wolves
  2 kobold brigands
  2 phantoms
  11 bullfrogs
  3 scorpions
  8 wights
  22 killer bees
  5 howler monkeys
  An electric eel (Lair:3)
  An orc priest (D:7)
  A hound (D:6)
  4 jellies
  A gnoll bouda (D:5)
  9 iguanas
  Jessica (D:2)
  Ijyb (D:3)
  3 orc wizards
  3 gnolls (D:5)
  15 adders
  A shadow imp (D:6)
  A white imp (D:6)
  An ufetubus (D:4)
  5 worms
  A dart slug (D:1)
  14 orcs
  11 ball pythons
  13 endoplasms
  5 giant cockroaches
  14 goblins
  8 hobgoblins
  13 kobolds
  3 quokkas
  11 bats
  2 frilled lizards
  12 rats
  A bush (Lair:3)
335 creatures vanquished.

Vanquished Creatures (others)
  34 fungi
  71 plants
105 creatures vanquished.

Grand Total: 440 creatures vanquished

Notes
Turn   | Place    | Note
-------+----------+-------------------------------------------
     0 | D:1      | Jakudza the Tengu Air Elementalist began the quest for the
                  | Orb.
     0 | D:1      | Reached XP level 1. HP: 10/10 MP: 4/4
   167 | D:1      | Reached XP level 2. HP: 12/15 MP: 0/6
   790 | D:1      | Reached XP level 3. HP: 19/19 MP: 3/7
  1552 | D:2      | Reached XP level 4. HP: 23/24 MP: 0/9
  1629 | D:2      | Learned a level 2 spell: Static Discharge
  1634 | D:2      | Learned a level 4 spell: Airstrike
  1945 | D:2      | Reached skill level 1 in Fighting
  2088 | D:2      | Reached skill level 5 in Air Magic
  2198 | D:2      | Found a faded altar of an unknown god.
  2204 | D:2      | Got Plato's Guide on the Quarry
  2450 | D:2      | Noticed Jessica
  2457 | D:2      | Killed Jessica
  2458 | D:2      | Gained mutation: Your magical nature lets you fly swiftly
                  | and evasively. [Tengu growth]
  2458 | D:2      | Reached XP level 5. HP: 29/29 MP: 2/10
  2777 | D:3      | Identified a scroll of acquirement
  2777 | D:3      | Acquired the +1 cloak of Going Fast {Regen+ rCorr}
  2962 | D:3      | Noticed Ijyb
  2986 | D:3      | Killed Ijyb
  3079 | D:3      | Reached skill level 5 in Dodging
  3079 | D:3      | Reached skill level 5 in Spellcasting
  3079 | D:3      | Reached skill level 9 in Air Magic
  3079 | D:3      | Reached XP level 6. HP: 39/39 MP: 10/14
  3207 | D:3      | Found an opulent altar of Gozag.
  3475 | D:3      | Reached skill level 10 in Air Magic
  3981 | D:4      | Reached XP level 7. HP: 44/44 MP: 8/15
  4456 | D:4      | You are sucked into a shaft and drop 3 floors!
  4670 | D:6      | Reached skill level 5 in Fighting
  4670 | D:6      | Reached XP level 8. HP: 38/49 MP: 9/16
  4745 | D:5      | Entered Level 5 of the Dungeon
  4995 | D:5      | Reached skill level 11 in Air Magic
  5233 | D:5      | Noticed Sigmund
  5236 | D:5      | Killed Sigmund
  5617 | D:5      | Reached XP level 9. HP: 50/54 MP: 0/17
  5900 | D:5      | Noticed a +0 dagger
  5900 | D:5      | Noticed a +0 spear
  5901 | D:5      | Noticed a +0 falchion
  5901 | D:5      | Noticed a +0 falchion
  5901 | D:5      | Noticed a +0 dagger
  5901 | D:5      | Noticed a +0 short sword
  5901 | D:5      | Noticed a +0 spear
  5902 | D:5      | Noticed a +0 short sword
  5907 | D:5      | Found a hide-covered altar of Uskayaw.
  6422 | D:6      | Noticed a two-headed ogre
  6438 | D:6      | Found a staircase to the Ecumenical Temple.
  6447 | Temple   | Entered the Ecumenical Temple
  6603 | Temple   | Became a worshipper of Vehumet
  6631 | D:6      | Killed a two-headed ogre
  6632 | D:6      | Reached skill level 10 in Conjurations
  6637 | D:6      | Reached skill level 12 in Air Magic
  7323 | D:6      | Found a shimmering altar of Xom.
  7324 | D:6      | Found an iron altar of Okawaru.
  8380 | D:7      | Reached XP level 10. HP: 59/59 MP: 8/18
  8927 | D:8      | Noticed a two-headed ogre
  8932 | D:8      | Killed a two-headed ogre
  8933 | D:8      | Reached skill level 13 in Air Magic
  9052 | D:8      | Reached * piety under Vehumet
  9052 | D:8      | Offered knowledge of Foxfire by Vehumet.
  9358 | D:8      | Killed an unseen horror
  9548 | D:8      | Found a staircase to the Lair.
  9666 | D:8      | Noticed Gastronok
  9823 | D:8      | Found a transporter.
  9906 | D:8      | Killed Gastronok
  9907 | D:8      | Reached skill level 14 in Air Magic
 10140 | D:8      | Noticed Jakudza's ghost (novice TeAE)
 10158 | D:8      | Found a transporter.
 10384 | D:9      | Learned a level 2 spell: Passwall
 10412 | D:9      | Reached XP level 11. HP: 63/63 MP: 7/19
 11134 | D:9      | Noticed a two-headed ogre
 11198 | D:9      | Killed a two-headed ogre
 11413 | D:9      | Found a basalt altar of Yredelemnul.
 11651 | D:9      | Identified the +8 scale mail "Tuithiun" {rN+ Str+3}
 11904 | D:10     | Entered Level 10 of the Dungeon
 11906 | D:10     | Offered knowledge of Freeze by Vehumet.
 11933 | D:10     | Reached ** piety under Vehumet
 12069 | D:10     | Found a shimmering blue altar of Sif Muna.
 12149 | D:10     | Reached skill level 15 in Air Magic
 12319 | D:10     | Noticed a two-headed ogre
 12363 | D:10     | Killed a two-headed ogre
 12484 | D:10     | Noticed a two-headed ogre
 12527 | D:10     | Killed a two-headed ogre
 13151 | D:10     | Offered knowledge of Stone Arrow by Vehumet.
 13232 | D:10     | Reached skill level 16 in Air Magic
 13576 | Lair:1   | Entered Level 1 of the Lair of Beasts
 13660 | Lair:1   | Reached *** piety under Vehumet
 13661 | Lair:1   | Reached skill level 10 in Dodging
 13747 | Lair:1   | Reached XP level 12. HP: 68/68 MP: 13/20
 13798 | Lair:1   | Noticed a five-headed hydra
 13814 | Lair:1   | Killed a five-headed hydra
 14164 | Lair:1   | Learned a level 3 spell: Stone Arrow
 14973 | Lair:1   | Reached skill level 17 in Air Magic
 15039 | Lair:1   | Offered knowledge of Sticky Flame by Vehumet.
 17009 | Lair:2   | Reached skill level 18 in Air Magic
 17284 | Lair:2   | Reached **** piety under Vehumet
 17458 | Lair:3   | Reached skill level 1 in Ice Magic
 17458 | Lair:3   | Reached skill level 1 in Evocations
 17740 | Lair:3   | Offered knowledge of Lightning Bolt by Vehumet.
 17774 | Lair:3   | Learned a level 5 spell: Lightning Bolt
 18035 | Lair:3   | Found a staircase to the Swamp.
 18041 | Lair:3   | Reached XP level 13. HP: 72/72 MP: 15/21
 18530 | Lair:3   | Found a hole to the Spider Nest.
 20160 | Lair:4   | Found a staircase to the Slime Pits.
 20161 | Lair:4   | Found a viscous altar of Jiyva.
 20534 | Lair:5   | Entered Level 5 of the Lair of Beasts
 20650 | Lair:5   | Killed from afar by themself

Illustrated notes

Levels and vault maps discovered:
D:1:      saegor_arrival_simple_d, layout_loops_ring, minmay_tromino_v4_a
D:2:      layout_basic, serial_glass, glass_columns_b, glass_columns_a,
          shapermc_ecumenical_altar_rom_forum, uniq_jessica
D:3:      kennysheep_the_goblin_king, layout_loops_ring,
          lemuel_coloured_pillars_altar, grunt_ministairs_6,
          palyth_stone_intersect, minmay_liquid_box
D:4:      layout_cave_pools
D:5:      minmay_diamond_boxcup, layout_loops_ring, nicolae_uskayaw_en_pointe,
          uniq_sigmund
D:6:      layout_loops_ring, gammafunk_temple_overflow_statue,
          minmay_temple_entry_waves, portal_sewer_entry_e
D:7:      layout_basic, minmay_quadrilaterals
D:8:      layout_loops_ring, grunt_lair_entry_orc_guard_hut,
          gammafunk_ghost_stat_death, uniq_gastronok
D:9:      layout_basic, mainiacjoe_overflow_six_doors_small,
          minmay_misc_feat_square, due_unseen_surprise
D:10:     minmay_inner_zag, layout_irregular_city, mainiacjoe_overflow_alcove_2
Temple:   eino_temple_scatter_basement
Lair:1:   layout_regular_city, bh_autumn_forest_stairs, grunt_megastairs_4
Lair:2:   layout_misc_corridors, beast_lair_carwin_3, grunt_megastairs_1,
          serial_bayou_shore_b, serial_bayou_shore_b, serial_bayou_shore_b
Lair:3:   layout_loops_ring, nicolae_swamp_entry_splash_gauntlet,
          hellmonk_spider_entry_not_the_bees, grunt_megastairs_2
Lair:4:   layout_cave_shapes, nicolae_slime_entry_slimehenge,
          serial_bayou_shore_a, grunt_megastairs_3, infiniplex_staircase_pool
Lair:5:   grunt_lair_end_beastmaster, layout_small_grid, special_room
          [special_room_mythical_zoo], chequers_serial_rivers_small_3

Skill      XL: |  1  2  3  4  5  6  7  8  9 10 11 12 13 |
---------------+----------------------------------------+-----
Conjurations   | 2 8 9 10 11 12 14 | 14.8
Fighting       | 1 4 5 |  5.0
Air Magic      | 5 9 10 11 12 14 16 18 | 18.6
Spellcasting   | 3 5 |  5.2
Dodging        | 5 6 7 8 10 11 | 11.5
Ice Magic      | 1 2 |  2.2
Evocations     | 1 2 |  2.3
Stealth        | |  2.1

Action                   |  1- 3 |  4- 6 |  7- 9 | 10-12 | 13-15 || total
-------------------------+-------+-------+-------+-------+-------++-------
Melee: Unarmed           |    25 |       |       |       |       ||    25
       Peck              |     3 |     3 |     2 |    37 |     8 ||    53
       Kick              |     4 |     4 |     3 |    50 |    11 ||    72
       Dagger            |     7 |    14 |     7 |    45 |       ||    73
       Staff             |       |       |       |    38 |    14 ||    52
 Cast: Shock             |    59 |   131 |   106 |   157 |    12 ||   465
       Static Discharge  |       |     2 |    37 |    85 |    16 ||   140
       Airstrike         |       |       |    34 |   124 |     9 ||   167
       Passwall          |       |       |       |     4 |       ||     4
       Stone Arrow       |       |       |       |    17 |       ||    17
       Lightning Bolt    |       |       |       |     7 |    29 ||    36
  Use: Scroll            |     7 |    11 |     7 |     8 |     1 ||    34
       Potion            |       |     1 |       |       |     1 ||     2
Armor: Robe              |    19 |     9 |    12 |    50 |     9 ||    99
Dodge: Dodged            |    34 |    35 |    39 |   221 |    29 ||   358
